 Dungeon Crawl Stone Soup version 0.29.1-15-g9cfb28693d (webtiles) character file.

Game seed: 2613487106624103840

39524 safid the Gelid (level 14, -35/115 HPs)
             Began as a Merfolk Ice Elementalist on Mar 28, 2023.
             Was a High Priest of Vehumet.
             Annihilated by Rupert
             ... wielding a +4 triple sword of flaming
              (43 damage)
             ... on level 4 of the Lair of Beasts.
             The game lasted 01:00:13 (20837 turns).

safid the Gelid (Merfolk Ice Elementalist)         Turns: 20837, Time: 01:00:14

Health: -35/115    AC: 10    Str: 11    XL:     14   Next: 6%
Magic:  26/30      EV: 15    Int: 23    God:    Vehumet [*****.]
Gold:   1167       SH:  5    Dex: 16    Spells: 22/37 levels left

rFire   + . .      SeeInvis .   V - +8 arc blade {discharge, rElec}
rCold   . . .      Faith    .   (no shield)
rNeg    . . .      Spirit   .   Q - +1 robe {Will+}
rPois   .          Reflect  +   N - +0 hat of Watchfulness {Int+5}
rElec   +          Harm     .   (no cloak)
rCorr   .          Rampage  .   I - +0 pair of gloves {Str+3}
Will    ++...                   J - +1 pair of boots
Stlth   ++........              P - amulet of reflection
HPRegen 0.29/turn               O - ring of protection from fire
MPRegen 0.22/turn               n - +4 ring of protection

@: hasted, very quick
A: (nimble swimmer 2), mertail
a: Renounce Religion


You were on level 4 of the Lair of Beasts.
You worshipped Vehumet.
Vehumet was extremely pleased with you.
You visited 3 branches of the dungeon, and saw 15 of its levels.
You also visited: Sewer, Bailey and Gauntlet.

You collected 1167 gold pieces.

Inventory:

Hand Weapons
 u - the +6 dagger of Gin and Tonic {freeze, Int+5}
   (You found it on level 4 of the Dungeon)

   It freezes those it strikes, dealing additional cold damage.
   It can also slow down cold-blooded creatures.
   Int:       It affects your intelligence (+5).
 H - the +0 shortbow of Jocyrchu {freeze, Contam rPois Int+10}
   (You found it in a bailey)

   Any ammunition fired from it freezes those it strikes, dealing additional
   cold damage.
   It can also slow down cold-blooded creatures.
   Int:       It affects your intelligence (+10).
   rPois:     It protects you from poison.
   Contam:    It causes magical contamination when unequipped.
 V - the +8 arc blade (weapon) {discharge, rElec}
   (You found it on level 3 of the Lair of Beasts)

   It occasionally unleashes powerful arcs of lightning upon striking a foe.
   These may arc to other adjacent creatures (including the wielder, but dealing
   reduced damage to them) before grounding out.
   rElec:     It insulates you from electricity.
Missiles
 z - 4 curare-tipped darts
Armour
 I - a +0 pair of gloves of strength (worn)
 J - a +1 pair of boots (worn)
 N - the +0 hat of Watchfulness (worn) {Int+5}
   (You found it in a Gauntlet)

   Int:       It affects your intelligence (+5).
 Q - a +1 robe of willpower (worn)
 R - the +1 tower shield "Boimp" {rN+ rCorr Int+6 Dex-4}
   (You found it in a Gauntlet)

   Int:       It affects your intelligence (+6).
   Dex:       It affects your dexterity (-4).
   rN:        It protects you from negative energy.
   rCorr:     It protects you from acid and corrosion.
 S - a +0 helmet of intelligence
Jewellery
 l - a ring of resist corrosion
 n - a +4 ring of protection (right hand)
 v - a ring of positive energy
 B - a ring of willpower
 K - a ring of ice
 M - the ring "Naseb" {rN+ Str+3}
   (You found it in a Gauntlet)

   [ring of positive energy]

   Str:       It affects your strength (+3).
   rN:        It protects you from negative energy.
 O - a ring of protection from fire (left hand)
 P - an amulet of reflection (around neck)
Wands
 e - a wand of mindburst (4)
 o - a wand of flame (55)
 F - a wand of acid (3)
 U - a wand of polymorph (7)
Scrolls
 a - a scroll of butterflies {unknown}
 c - a scroll of fear
 k - 2 scrolls of teleportation
 m - a scroll of magic mapping
 r - a scroll of blinking {unknown}
 t - a scroll of enchant weapon {unknown}
 w - 3 scrolls of amnesia
 x - 4 scrolls of identify
 y - 2 scrolls of summoning {unknown}
 A - a scroll of torment {unknown}
 L - a scroll of brand weapon {unknown}
 W - a scroll of enchant armour {unknown}
Potions
 b - 2 potions of magic
 d - 8 potions of curing
 f - 7 potions of brilliance
 g - 2 potions of haste
 h - a potion of cancellation {unknown}
 i - a potion of flight {unknown}
 j - 2 potions of mutation {unknown}
 p - 3 potions of degeneration {unknown}
 q - 4 potions of lignification {unknown}
 s - a potion of might
 D - a potion of ambrosia {unknown}
 E - 2 potions of attraction
 G - 2 potions of invisibility {unknown}
 T - a potion of heal wounds
Miscellaneous
 C - a condenser vane


   Skills:
 - Level 12.0 Fighting
 + Level 5.6 Short Blades
 + Level 7.2 Dodging
 - Level 2.4 Stealth
 + Level 4.6 Shields
 - Level 12.0 Spellcasting
 - Level 8.0 Transmutations
 + Level 15.4 Ice Magic


You had 22 spell levels left.
You knew the following spells:

 Your Spells              Type           Power      Damage    Failure   Level
a - Freeze                Ice            100%       1d11      0%          1
b - Frozen Ramparts       Ice            100%       1d16      1%          3
c - Ozocubu's Armour      Ice            71%        N/A       1%          3
d - Hailstorm             Conj/Ice       49%        3d11      1%          4
e - Ice Form              Ice/Tmut       61%        N/A       1%          4

Your spell library contained the following spells:

 Spells                   Type           Power      Damage    Failure   Level
 Fireball                 Conj/Fire      6%         3d5       30%         5
 Ensorcelled Hibernation  Hex/Ice        98%        N/A       1%          2
 Passwall                 Tmut/Erth      26%        N/A       1%          2
 Summon Small Mammal      Summ           52%        N/A       4%          1
 Yara's Violent Unravell  Hex/Tmut       16%        3d8       7%          5
 Call Canine Familiar     Summ           13%        N/A       14%         3
 Portal Projectile        Hex/Tloc       26%        N/A       14%         3
 Summon Guardian Golem    Hex/Summ       13%        N/A       14%         3
 Swiftness                Air            13%        N/A       14%         3
 Lightning Bolt           Conj/Air       6%         1d18      30%         5
 Simulacrum               Ice/Necr       24%        N/A       30%         6
 Dispel Undead            Necr           13%        3d9       41%         4
 Leda's Liquefaction      Hex/Erth       6%         N/A       41%         4
 Summon Lightning Spire   Summ/Air       13%        N/A       41%         4
 Necromutation            Tmut/Necr      16%        N/A       100%        8
 Chain Lightning          Conj/Air       6%         3d8       100%        9


Dungeon Overview and Level Annotations

Branches:
Dungeon (10/15)            Temple (1/1) D:5            Lair (4/5) D:9
 Shoals (0/4) Lair:3       Spider (0/4) Lair:3        Sewer (visited)
 Bailey (visited)         Gauntlet (visited)
  Slime: Lair:4-5       Orc: D:9-12

Altars:
Ashenzari
Cheibriados
Dithmenos
Elyvilon
Fedhas
Gozag
Hepliaklqana
Kikubaaqudgha
Makhleb
Nemelex Xobeh
Okawaru
Qazlal
Ru
Sif Muna
Trog
Uskayaw
Vehumet
Wu Jian
Xom
Yredelemnul
Zin
The Shining One

Shops:
D:2 (

Annotations:
D:3 Sigmund
D:4 1 runed translucent door, Crazy Yiuf
Lair:2 exclusion: orange crystal statue
Lair:4 Rupert


Innate Abilities, Weirdness & Mutations

((You are very nimble when in or above water. (Stealth+, EV+, Speed+++)))
Your lower body shifts to a powerful aquatic tail in water.


Message History

You hit Rupert.
The arc blade crackles.
Rupert is struck by an arc of lightning!
Rupert is heavily wounded.
You resist.
You are struck by an arc of lightning.
Rupert is struck by an arc of lightning!
Rupert is severely wounded.
You resist.
You are struck by an arc of lightning.
Rupert is struck by an arc of lightning!
Rupert is severely wounded.
The lightning grounds out.
Rupert is severely wounded.
The wall freezes Rupert but does no damage.
Rupert hits you with a +4 triple sword of flaming!!
Rupert burns you.
The wall freezes Rupert.
Rupert hits you with a +4 triple sword of flaming!!!
* * * LOW HITPOINT WARNING * * *
Rupert burns you!
* * * LOW HITPOINT WARNING * * *
The heat melts your icy armour.
Unknown command.
Unknown command.
Unknown command.
Unknown command.
Unknown command.
Unknown command.
Unknown command.
Unknown command.
Unknown command.
Unknown command.
Unknown command.
Okay, then.
You feel yourself speed up.
The wall freezes Rupert.
Rupert hits you but does no damage.
Your icy armour and frozen ramparts will break if you move.
Continue?
Your icy armour cracks and falls away as you move.
The frozen ramparts melt away as you move.
Rupert rages.
Rupert attacks as you move away!
Rupert hits you with a +4 triple sword of flaming!!!
You die...

.....####P....#.# ##...#+.P.##
#..##.##.....#### ###.#..##.#
.... #.....### ####.#....####
...###'###.#######.......###
..........#...#.###.#..P#.#
......#..##...#.##..#.###### ####
......P.....#.+.##.........###..#
......P..##.....#...#.#.#P.#.....
....†..........@@.............###
....P.....##.#.#####..#...#####
....#.........## #...#.....##
..#####.#P#.### #......#P..# ###
####### ##..........#
#.#####PP..## ### ######


You could see Rupert (berserk).

Vanquished Creatures
  A minotaur (Gauntlet)
  Snorg (Lair:3)
  2 boulder beetles (Lair:1)
  Erolcha (D:9)
  A catoblepas (Gauntlet)
  6 death yaks
  Pikel (D:4)
  A wizard (Gauntlet)
  A lindwurm (Lair:3)
  An orc knight (Bailey)
  A deep elf pyromancer (Bailey)
  An oklob plant (Lair:3)
  9 elephants
  8 cane toads
  4 black mambas
  A gargoyle (Gauntlet)
  2 torpor snails
  4 rime drakes
  5 komodo dragons
  A troll (D:9)
  A hornet (D:8)
  A snapping turtle (Lair:3)
  8 blink frogs
  10 dream sheep (Lair:3)
  2 centaur simulacra (Gauntlet)
  53 yaks
  A wraith (D:10)
  Eustachio (D:4)
  4 wyverns
  Grum (Lair:1)
  A steam dragon (Lair:3)
  A basilisk (Lair:1)
  Menkaure (D:5)
  An acid dragon (D:8)
  10 water moccasins
  A hydra simulacrum (Gauntlet)
  Duvessa (D:6)
  7 orc warriors (Bailey)
  2 black bears
  2 sky beasts (D:7)
  3 ice beasts
  An ogre (D:5)
  16 wolves
  A kobold brigand (D:8)
  A phantom (D:5)
  9 bullfrogs
  A necrophage (D:7)
  2 scorpions
  16 wights
  Dowan (D:6)
  7 killer bees (D:9)
  2 electric eels (Lair:1)
  3 lava snakes (Lair:2)
  4 hounds
  A jelly (D:5)
  2 orc priests (D:9)
  2 gnoll boudas
  5 iguanas
  Natasha (thrice) (D:2)
  2 orc wizards (D:8)
  12 gnolls
  5 adders
  4 shadow imps
  2 white imps
  2 ufetubi (D:6)
  5 worms
  A dart slug (D:4)
  27 orcs
  6 ball pythons
  8 endoplasms
  5 giant cockroaches
  4 goblins
  8 hobgoblins
  3 jackals (Sewer)
  11 kobolds
  A quokka (D:1)
  5 bats
  3 frilled lizards
  6 rats
361 creatures vanquished.

Vanquished Creatures (others)
  23 fungi
  42 plants
65 creatures vanquished.

Grand Total: 426 creatures vanquished

Notes
Turn   | Place    | Note
-------+----------+-------------------------------------------
     0 | D:1      | safid the Merfolk Ice Elementalist began the quest for the
                  | Orb.
     0 | D:1      | Reached XP level 1. HP: 13/13 MP: 3/3
   207 | D:1      | Found a faded altar of an unknown god.
   235 | D:1      | Reached XP level 2. HP: 19/19 MP: 0/5
   945 | D:1      | Reached XP level 3. HP: 25/25 MP: 6/6
   998 | D:1      | Reached skill level 1 in Fighting
  1096 | D:2      | Learned a level 3 spell: Frozen Ramparts
  1117 | D:2      | Noticed Natasha
  1126 | D:2      | Killed Natasha
  1187 | D:2      | Reached XP level 4. HP: 31/33 MP: 5/8
  1220 | D:2      | Learned a level 3 spell: Ozocubu's Armour
  1279 | D:2      | Reached skill level 5 in Ice Magic
  1470 | D:2      | Found Totzul's Weapon Boutique.
  1523 | D:2      | Noticed Natasha
  1538 | D:2      | Killed Natasha
  2039 | D:2      | Noticed Natasha
  2145 | D:3      | Noticed Sigmund
  2253 | D:2      | Killed Natasha
  2254 | D:2      | Reached XP level 5. HP: 36/39 MP: 3/9
  2986 | D:3      | Found the +7 Kryia's mail coat {PotionHeal*2 rC+}
  3135 | D:4      | Identified the +6 dagger of Gin and Tonic {freeze, Int+5}
  3450 | D:4      | You fall into a shaft and drop 1 floor!
  3450 | D:5      | Entered Level 5 of the Dungeon
  3627 | D:4      | Noticed a lemure
  3627 | D:4      | Noticed a lemure
  3628 | D:4      | Noticed Pikel
  3628 | D:4      | Noticed a lemure
  3628 | D:4      | Noticed a lemure
  3641 | D:4      | Killed Pikel
  3642 | D:4      | Reached skill level 6 in Ice Magic
  3642 | D:4      | Reached XP level 6. HP: 43/49 MP: 1/12
  3642 | D:4      | Reached XP level 7. HP: 48/55 MP: 1/13
  3647 | D:4      | Learned a level 4 spell: Hailstorm
  3751 | D:4      | Noticed Eustachio
  3757 | D:4      | Killed Eustachio
  3840 | D:4      | Reached skill level 5 in Fighting
  3983 | D:4      | Found a runed translucent door.
  3984 | D:4      | Noticed Crazy Yiuf
  4180 | D:4      | Reached skill level 7 in Ice Magic
  4180 | D:4      | Reached XP level 8. HP: 61/62 MP: 8/15
  4310 | D:5      | Reached skill level 5 in Spellcasting
  4949 | D:5      | Noticed Menkaure
  4956 | D:5      | Killed Menkaure
  5341 | D:5      | Found a staircase to the Ecumenical Temple.
  5347 | Temple   | Entered the Ecumenical Temple
  5542 | Temple   | Became a worshipper of Vehumet
  5918 | D:6      | Found a glowing drain.
  5960 | Sewer    | Entered a sewer
  6175 | D:6      | Reached skill level 8 in Ice Magic
  6241 | D:6      | Identified a scroll of acquirement
  6242 | D:6      | Acquired 362 gold pieces
  6443 | D:6      | Reached XP level 9. HP: 71/71 MP: 11/18
  6555 | D:6      | Found an ancient bone altar of Kikubaaqudgha.
  6573 | D:6      | Noticed Duvessa
  6583 | D:6      | Noticed Dowan
  6598 | D:6      | Killed Duvessa
  6599 | D:6      | Killed Dowan
  6673 | D:6      | Found an ornate altar of the Wu Jian Council.
  7149 | D:7      | Reached * piety under Vehumet
  7149 | D:7      | Offered knowledge of Magic Dart by Vehumet.
  7350 | D:7      | Reached skill level 9 in Ice Magic
  8690 | D:8      | Reached XP level 10. HP: 38/80 MP: 11/21
  8896 | D:8      | Reached skill level 10 in Ice Magic
  9068 | D:8      | Found a flagged portal.
  9073 | Bailey   | Entered a bailey
  9362 | Bailey   | Found a large runed translucent door.
  9362 | Bailey   | Found a large runed translucent door.
  9363 | Bailey   | Noticed an orc knight
  9363 | Bailey   | Noticed a deep elf pyromancer
  9386 | Bailey   | Killed an orc knight
  9386 | Bailey   | Reached ** piety under Vehumet
  9386 | Bailey   | Offered knowledge of Foxfire by Vehumet.
  9556 | Bailey   | Killed a deep elf pyromancer
  9646 | Bailey   | Identified the +0 shortbow of Jocyrchu {freeze, Contam
                  | rPois Int+10}
  9819 | D:8      | Identified the +1 scale mail of the Hungering Gods {Rampage
                  | Drain +Blink Regen+}
 10705 | D:9      | Found an opulent altar of Gozag.
 10932 | D:9      | Reached skill level 11 in Ice Magic
 11026 | D:9      | Noticed Erolcha
 11054 | D:9      | Killed Erolcha
 11055 | D:9      | Reached skill level 10 in Fighting
 11163 | D:9      | Reached XP level 11. HP: 83/91 MP: 19/23
 11608 | D:9      | Got the Grimoire of Feathers
 11664 | D:9      | Found a staircase to the Lair.
 11791 | D:10     | Entered Level 10 of the Dungeon
 11896 | D:10     | Found a stormy altar of Qazlal.
 11968 | D:10     | Found a bloodstained altar of Trog.
 12052 | D:10     | Noticed a skeletal warrior
 12052 | D:10     | Noticed a skeletal warrior
 12108 | Lair:1   | Entered Level 1 of the Lair of Beasts
 12150 | Lair:1   | Found a gate leading to a gauntlet.
 12162 | Gauntlet | Entered a Gauntlet
 12162 | Gauntlet | Noticed a wizard
 12162 | Gauntlet | Found a transporter.
 12177 | Gauntlet | Found a runed translucent door.
 12181 | Gauntlet | Found a transporter.
 12186 | Gauntlet | Noticed a worldbinder
 12192 | Gauntlet | Found a transporter.
 12195 | Gauntlet | Found a transporter.
 12199 | Gauntlet | Found a runed translucent door.
 12199 | Gauntlet | Noticed a large abomination
 12201 | Gauntlet | Found a runed translucent door.
 12203 | Gauntlet | Found a transporter.
 12224 | Gauntlet | Found a transporter.
 12235 | Gauntlet | Found a transporter.
 12237 | Gauntlet | Noticed a fire crab
 12247 | Gauntlet | Found a transporter.
 12269 | Gauntlet | Found a transporter.
 12275 | Gauntlet | Noticed a catoblepas
 12281 | Gauntlet | Found a transporter.
 12281 | Gauntlet | Found a transporter.
 12291 | Gauntlet | Found a transporter.
 12335 | Gauntlet | Noticed a ghost crab
 12341 | Gauntlet | Found a transporter.
 12341 | Gauntlet | Found a transporter.
 12573 | Gauntlet | Killed a wizard
 12624 | Gauntlet | Identified the ring "Naseb" {rN+ Str+3}
 12665 | Gauntlet | Killed a catoblepas
 12680 | Gauntlet | Reached skill level 12 in Ice Magic
 12947 | Gauntlet | Got the Compendium of Transmigration
 12953 | Gauntlet | Learned a level 4 spell: Ice Form
 12982 | Gauntlet | Reached skill level 1 in Transmutations
 13295 | Gauntlet | Identified the +0 hat of Watchfulness {Int+5}
 13323 | Gauntlet | Noticed a minotaur
 13336 | Gauntlet | Killed a minotaur
 13344 | Gauntlet | Identified the +1 tower shield "Boimp" {rN+ rCorr Int+6
                  | Dex-4}
 13348 | Gauntlet | Got Khufu's Almanac of Despicable Magic
 13756 | Lair:1   | Noticed a boulder beetle
 14056 | Lair:1   | Reached skill level 10 in Spellcasting
 14061 | Lair:1   | Offered knowledge of Inner Flame by Vehumet.
 14271 | Lair:1   | Noticed Grum
 14283 | Lair:1   | Killed Grum
 14318 | Lair:1   | Killed a boulder beetle
 14319 | Lair:1   | Reached XP level 12. HP: 59/101 MP: 13/26
 14728 | Lair:1   | Reached skill level 5 in Transmutations
 14815 | Lair:1   | Noticed a boulder beetle
 14833 | Lair:1   | Killed a boulder beetle
 15174 | Lair:1   | Reached *** piety under Vehumet
 16041 | Lair:2   | Reached skill level 13 in Ice Magic
 16263 | Lair:2   | Found a blossoming altar of Fedhas.
 16276 | Lair:2   | Offered knowledge of Ignite Poison by Vehumet.
 16586 | Lair:2   | Noticed a death yak
 16588 | Lair:2   | Noticed a death yak
 16589 | Lair:2   | Noticed a death yak
 16597 | Lair:2   | You fall into a shaft and drop 1 floor!
 17190 | Lair:2   | Reached skill level 14 in Ice Magic
 17190 | Lair:2   | Reached XP level 13. HP: 108/108 MP: 22/28
 17332 | Lair:2   | Reached **** piety under Vehumet
 17369 | Lair:2   | Offered knowledge of Lee's Rapid Deconstruction by Vehumet.
 18077 | Lair:3   | Found the +8 arc blade {discharge, rElec}
 18278 | Lair:3   | Reached skill level 1 in Short Blades
 18347 | Lair:3   | Reached skill level 1 in Shields
 18376 | Lair:3   | Found a hole to the Spider Nest.
 18562 | Lair:3   | Noticed Snorg
 18573 | Lair:3   | Killed Snorg
 18787 | Lair:3   | Reached skill level 5 in Dodging
 18853 | Lair:3   | Reached skill level 15 in Ice Magic
 19010 | Lair:3   | Found a staircase to the Shoals.
 20018 | Lair:4   | Reached skill level 5 in Short Blades
 20030 | Lair:4   | Reached XP level 14. HP: 44/115 MP: 30/30
 20275 | Lair:4   | Noticed Rupert
 20413 | Lair:4   | Reached ***** piety under Vehumet
 20566 | Lair:4   | Identified the +3 leather armour of Luemoih {+Inv rN+}
 20781 | Lair:4   | Offered knowledge of Fireball by Vehumet.
 20837 | Lair:4   | Annihilated by Rupert

Illustrated notes

Levels and vault maps discovered:
D:1:      lightli_arrival_maybe_door_vault, layout_rooms,
          nicolae_ecumenical_snake_handling, minmay_misc_feat_room
D:2:      minmay_angry_zag, layout_basic, serial_shops, nicolae_square_shop,
          uniq_natasha
D:3:      layout_loops_corners, minmay_crystal_room, uniq_sigmund
D:4:      layout_cave_pods, uniq_pikel, uniq_eustachio, uniq_crazy_yiuf_cottage
D:5:      layout_loops_ring, minmay_temple_entry_fiery, minmay_curled_crystal,
          grunt_decor_junction, grunt_decor_clamped, corexii_hall_statues_l,
          uniq_menkaure
D:6:      layout_loops_cross, mainiacjoe_overflow_two_lobes,
          cheibrodos_sewer_entry_drain, grunt_ministairs_13,
          chequers_serial_rivers_room_b, uniq_duvessa
D:7:      layout_basic
D:8:      layout_layer_cave, enter_bailey_1
D:9:      layout_basic, nicolae_gozag_seed_capital, lair_entry_dummy,
          uniq_erolcha
D:10:     layout_long_grid, jmf_multi_god_temple
Temple:   bh_familiar_temple
Lair:1:   layout_long_grid, gauntlet_entry_generic, nzn_sisyphean_effort,
          serial_bayou_shore_a, grunt_megastairs_4, infiniplex_staircase_pool_2,
          uniq_grum
Lair:2:   layout_loops_ring, basic_altar, minmay_holes, disabler_island
Lair:3:   layout_roguey, minmay_shoals_entry_hut, dummy_spider_entry, uniq_snorg
Lair:4:   layout_roguey, uniq_rupert

Skill      XL: |  1  2  3  4  5  6  7  8  9 10 11 12 13 14 |
---------------+-------------------------------------------+-----
Dodging        | 3 6 7 |  7.2
Fighting       | 1 2 4 5 6 8 10 11 12 | 12.0
Ice Magic      | 5 6 7 8 9 11 12 14 15 | 15.4
Spellcasting   | 3 4 6 7 8 10 11 12 | 12.0
Transmutations | 4 8 |  8.0
Short Blades   | 5 |  5.6
Shields        | 4 |  4.6
Stealth        | |  2.4

Action                   |  1- 3 |  4- 6 |  7- 9 | 10-12 | 13-15 || total
-------------------------+-------+-------+-------+-------+-------++-------
Melee: Unarmed           |     8 |       |       |     5 |     1 ||    14
       Hand axe          |    18 |    30 |       |       |       ||    48
       Dagger            |       |    11 |   203 |   190 |    32 ||   436
       Punch             |       |       |     7 |     2 |     5 ||    14
       Tailslap          |       |       |     2 |     2 |     3 ||     7
       Rapier            |       |       |       |       |   120 ||   120
 Cast: Freeze            |    34 |    34 |    15 |    63 |     6 ||   152
       Frozen Ramparts   |       |     6 |    43 |    80 |    31 ||   160
       Ozocubu's Armour  |       |     4 |    28 |    54 |    24 ||   110
       Hailstorm         |       |       |     2 |    40 |    14 ||    56
       Ice Form          |       |       |       |     2 |       ||     2
Evoke: Wand              |       |       |       |    13 |       ||    13
  Use: Scroll            |       |       |     8 |     6 |       ||    14
       Potion            |       |       |       |    10 |     1 ||    11
 Stab: Sleeping          |     2 |     3 |       |       |     1 ||     6
Armor: Robe              |    14 |    31 |    92 |   142 |    53 ||   332
       Skin              |       |       |       |    56 |       ||    56
Dodge: Dodged            |    34 |    57 |   124 |   259 |   104 ||   578
Block: Other             |       |       |       |     3 |    23 ||    26
       Reflection        |       |       |       |       |     2 ||     2
